Map: [ESL] Site Delta

Players

Classic - Winner!

  • Race: Protoss Protoss
  • Spawn Location: 11:00

DKZherO (herO)

  • Race: Protoss Protoss
  • League: Grandmaster
  • Spawn Location: 5:00

VOD

Have the link to the VOD?

Description

Time

  • Played on: Nov. 21, 2023, 8:09 a.m.
  • Length: 12:09
Show
View Real Time Build Order
Export as new Build Order

Classic Protoss - Winner!

Build Orders: Oracle Opening, Archon Immortal 

Get SALT Encoding   

  12  0:00  Probe  
  13  0:12  Probe  
  14  0:18  Pylon  
  14  0:24  Probe  
  15  0:37  Gateway, Probe (Chrono Boost)  
  16  0:46  Probe (Chrono Boost)  
  16  0:47  Assimilator  
  17  0:51  Probe (Chrono Boost)  
  18  1:01  Assimilator  
  18  1:03  Probe (Chrono Boost)  
  19  1:05  Pylon  
  19  1:13  Probe (Chrono Boost)  
  19  1:18  Probe (Chrono Boost)  
  20  1:24  Cybernetics Core  
  21  1:30  Probe  
  22  1:34  Zealot  
  24  1:42  Probe  
  25  1:47  Pylon  
  25  1:54  Probe  
  26  2:01  Stargate  
  26  2:02  Stalker  
  28  2:11  Pylon  
  28  2:12  Warp Gate  
  28  2:21  Pylon  
  27  2:32  Stalker  
  29  2:44  Oracle (Chrono Boost)  
  32  2:59  Nexus  
  32  3:07  Probe  
  32  3:10  Pylon  
  33  3:14  Oracle (Chrono Boost)  
  33  3:19  Probe  
  37  3:32  Probe  
  38  3:44  Probe  
  39  3:56  Probe  
  37  4:11  Probe (Chrono Boost)  
  37  4:13  Probe (Chrono Boost)  
  37  4:15  Oracle (Chrono Boost)  
  39  4:22  Probe (Chrono Boost)  
  39  4:24  Probe (Chrono Boost)  
  41  4:27  Robotics Facility  
  41  4:28  Probe  
  42  4:31  Shield Battery  
  42  4:32  Stalker, Probe  
  45  4:45  Probe x2  
  47  4:51  Gateway  
  47  4:57  Stalker, Probe x2  
  51  5:00  Pylon  
  51  5:06  Gateway  
  51  5:10  Probe x2  
  53  5:21  Immortal (Chrono Boost)  
  53  5:26  Probe x2  
  56  5:34  Assimilator  
  53  5:38  Probe x2  
  53  5:40  Adept  
  57  5:44  Twilight Council  
  57  5:46  Adept  
  57  5:47  Assimilator  
  59  5:50  Probe  
  59  5:51  Probe  
  59  5:53  Immortal  
  65  5:58  Pylon  
  65  6:04  Forge  
  65  6:09  Sentry  
  67  6:14  Pylon  
  67  6:21  Blink (Chrono Boost)  
  67  6:31  Protoss Ground Weapons Level 1 (Chrono Boost)  
  71  6:33  Immortal  
  71  6:40  Pylon  
  71  6:48  Gateway  
  70  6:59  Stalker x3, Gateway  
  70  7:00  Gateway  
  72  7:10  Probe x2  
  74  7:22  Immortal  
  78  7:23  Nexus  
  78  7:28  Pylon  
  78  7:37  Stalker x2  
  82  7:50  Probe x2  
  82  7:51  Templar Archives  
  84  7:52  Shield Battery  
  84  7:53  Pylon  
  84  8:04  Gateway  
  84  8:05  Gateway  
  84  8:10  Probe x2  
  86  8:14  Protoss Ground Weapons Level 2 (Chrono Boost)  
  86  8:15  Charge  
  86  8:16  Observer  
  87  8:26  Immortal  
  87  8:31  Probe x2  
  89  8:35  Pylon  
  89  8:36  Pylon  
  89  8:41  High Templar x2  
  97  8:44  Zealot x3  
  97  8:45  Archon  
  103  8:50  Zealot  
  103  8:53  Warp Prism  
  103  8:55  Probe x3, Pylon  
  108  9:06  High Templar  
  108  9:07  High Templar  
  114  9:11  Archon  
  114  9:12  Zealot x2  
  114  9:13  Zealot  
  120  9:21  Zealot x3  
  126  9:25  Pylon  
  126  9:27  Pylon  
  126  9:38  High Templar x2  
  130  9:45  Zealot x4  
  130  9:46  Zealot x2  
  142  9:53  Archon  
  139  10:00  Photon Cannon  
  139  10:01  Pylon  
  139  10:04  Observer  
  140  10:11  High Templar x2  
  140  10:12  Zealot x4  
  140  10:13  Zealot x2  
  156  10:16  Archon  
  156  10:25  Pylon  
  154  10:38  Zealot x5  
  154  10:39  Zealot  
  160  11:00  Zealot x6  
  160  11:01  Zealot x2  
  100  11:22  Immortal  
  100  11:23  Zealot x8  
  96  11:45  Zealot x8  
Show
View Real Time Build Order
Export as new Build Order

DKZherO Protoss 

Build Orders: Blink Stalkers 

Get SALT Encoding   

  12  0:00  Probe  
  13  0:12  Probe  
  14  0:17  Pylon  
  14  0:24  Probe (Chrono Boost)  
  16  0:36  Probe (Chrono Boost)  
  16  0:37  Gateway  
  16  0:43  Probe (Chrono Boost)  
  16  0:47  Assimilator  
  17  0:50  Probe  
  18  1:03  Probe  
  19  1:15  Probe  
  20  1:19  Pylon  
  20  1:26  Cybernetics Core  
  20  1:27  Probe  
  20  1:28  Zealot  
  20  1:30  Assimilator  
  23  1:39  Probe  
  24  1:51  Probe  
  25  1:59  Warp Gate (Chrono Boost)  
  25  2:00  Stalker (Chrono Boost)  
  25  2:03  Probe  
  28  2:22  Sentry  
  28  2:26  Pylon  
  30  2:30  Nexus  
  30  2:35  Gateway  
  30  2:38  Probe  
  31  2:51  Pylon  
  30  2:54  Twilight Council  
  30  3:03  Shield Battery  
  30  3:07  Probe  
  30  3:11  Gateway  
  31  3:19  Probe  
  32  3:25  Blink (Chrono Boost)  
  33  3:40  Stalker x2  
  32  3:49  Probe x2  
  36  4:04  Stalker x2  
  31  4:10  Probe x2  
  31  4:12  Pylon  
  33  4:23  Probe (Chrono Boost)  
  33  4:26  Probe (Chrono Boost)  
  33  4:30  Stalker  
  35  4:35  Probe (Chrono Boost)  
  37  4:39  Probe (Chrono Boost)  
  37  4:41  Probe (Chrono Boost)  
  38  4:46  Sentry  
  38  4:49  Forge  
  38  4:51  Probe x2 (Chrono Boost)  
  42  4:55  Sentry  
  46  5:00  Probe (Chrono Boost)  
  46  5:02  Probe (Chrono Boost)  
  46  5:03  Stalker  
  46  5:05  Probe  
  48  5:09  Pylon  
  48  5:11  Probe  
  50  5:17  Stalker  
  51  5:22  Phoenix  
  51  5:23  Probe  
  51  5:27  Stalker  
  53  5:29  Stalker  
  51  5:36  Protoss Ground Weapons Level 1 (Chrono Boost), Probe (Chrono Boost)  
  51  5:41  Probe (Chrono Boost)  
  53  5:47  Probe (Chrono Boost)  
  55  5:51  Probe (Chrono Boost)  
  55  5:52  Probe (Chrono Boost)  
  55  5:56  Assimilator  
  56  6:00  Probe  
  56  6:03  Probe  
  56  6:04  Pylon  
  58  6:06  Phoenix  
  58  6:07  Stalker x2  
  62  6:14  Assimilator  
  62  6:22  Probe x2  
  62  6:25  Nexus  
  64  6:26  Pylon  
  64  6:35  Probe x2  
  64  6:38  Charge  
  66  6:47  Gateway x2  
  66  6:48  Probe x2  
  66  6:50  Phoenix  
  68  6:59  Gateway x2  
  68  7:03  Probe  
  68  7:04  Probe  
  68  7:15  Gateway  
  68  7:16  Gateway  
  68  7:18  Probe x2  
  70  7:23  Stalker x2  
  70  7:24  Protoss Ground Weapons Level 2 (Chrono Boost)  
  74  7:30  Pylon  
  74  7:34  Probe x2  
  76  7:37  Probe  
  77  7:45  Templar Archives  
  77  7:51  Shield Battery  
  77  7:54  Zealot x3  
  83  8:02  Zealot x3  
  89  8:05  Shield Battery  
  89  8:09  Shield Battery  
  89  8:12  Zealot, Pylon  
  91  8:20  High Templar  
  91  8:21  High Templar x3  
  91  8:24  Archon  
  91  8:25  Zealot, Archon  
  101  8:30  Probe x3  
  101  8:31  Robotics Facility  
  104  8:39  Zealot x3  
  108  8:45  Pylon x2  
  108  8:55  Probe  
  109  8:57  Pylon  
  109  8:59  Assimilator  
  109  9:03  Assimilator, Probe x2  
  109  9:04  High Templar  
  109  9:05  Zealot, High Templar  
  109  9:08  Shield Battery  
  117  9:11  Archon  
  117  9:16  Zealot x3  
  123  9:19  Probe  
  123  9:21  Observer (Chrono Boost)  
  123  9:22  Protoss Ground Armor Level 1 (Chrono Boost), Pylon  
  125  9:30  Immortal (Chrono Boost)  
  125  9:35  Robotics Bay  
  129  9:42  Probe  
  130  9:50  Zealot x3, High Templar x2  
  138  9:59  Zealot, Archon  
  140  10:03  Pylon  
  140  10:05  Pylon  
  140  10:07  Observer, Pylon  
  141  10:19  High Templar x2  
  141  10:22  Zealot x4  
  141  10:25  Archon  
  141  10:26  Zealot x3  
  155  10:34  Disruptor (Chrono Boost)  
  157  10:46  Stalker x4  
  157  10:47  Stalker  
  165  10:52  Pylon x2  
  165  10:54  Pylon  
  165  10:55  Pylon  
  149  11:00  Zealot  
  149  11:01  Zealot x2  
  119  11:05  Disruptor  
  103  11:12  Zealot x2  
  103  11:13  Zealot  
  103  11:17  Zealot  
  107  11:21  Stalker  
  107  11:22  Zealot  
  104  11:27  Zealot  
  78  11:32  Zealot  
  78  11:33  Zealot  
  58  11:48  Stalker x4  
Tags
 
Add a new tag
Caveats
  • Supply blocks, unpowered buildings, or Contaminate may cause inaccurate times.
  • Supply counts are checked every 10 seconds.